 Dungeon Crawl Stone Soup version 0.27.1 (webtiles) character file.

Game seed: 2036313972795032557

1115 MajorAdolf the Bolt Thrower (level 8, 0/58 (72) HPs)
             Began as a Naga Wanderer on Aug 24, 2021.
             Slain by a wight (2 damage)
             ... on level 5 of the Dungeon.
             The game lasted 00:19:39 (11498 turns).

MajorAdolf the Bolt Thrower (Naga Wanderer)        Turns: 11498, Time: 00:19:40

HP:   0/58 (72)     AC:  7    Str: 15    XL:     8   Next: 34%
MP:   8/8           EV:  3    Int: 16    God:
Gold: 153           SH:  9    Dex:  9    Spells: 7/7 levels left

rFire    . . .     SeeInvis +   x - +3 dagger
rCold    . . .     Faith    .   k - +0 kite shield
rNeg     . . .     Spirit   .   i - +0 chain mail
rPois    +         Reflect  .   (no helmet)
rElec    .         Harm     .   (no cloak)
rCorr    +         Rampage  .   (no gloves)
Will     +....                  (no barding)
Stlth    ..........             (no amulet)
HPRegen  0.19/turn              t - ring of resist corrosion
MPRegen  0.11/turn              (no ring)

@: heavily drained, very slow
A: AC +2, large, see invisible, deformed body, poison resistance, slowness 2,
spit poison 1, naga tail 1
a: Spit Poison


You were on level 5 of the Dungeon.
You visited 1 branch of the dungeon, and saw 5 of its levels.

You collected 153 gold pieces.

Inventory:

Hand Weapons
 a - a +0 hand crossbow
 x - a +3 dagger (weapon)
Armour
 e - a +0 robe
 i - a +0 chain mail (worn)
 k - a +0 kite shield (worn)
Magical Staves
 j - a staff of air
Jewellery
 t - a ring of resist corrosion (left hand)
Scrolls
 b - 4 scrolls of teleportation
 c - 2 scrolls of fear
 h - a scroll of fog
 l - a scroll of silence {unknown}
 m - 2 scrolls of acquirement {unknown}
 o - a scroll of noise {unknown}
 p - 6 scrolls of identify {unknown}
 s - a scroll of vulnerability {unknown}
 w - a scroll of blinking {unknown}
Potions
 g - a potion of resistance {unknown}
 n - a potion of mutation {unknown}
 q - a potion of degeneration {unknown}
 r - a potion of might {unknown}
 u - a potion of attraction {unknown}
 v - a potion of flight {unknown}


   Skills:
 - Level 4.0 Fighting
 + Level 6.7 Crossbows
 - Level 1.0 Armour
 - Level 1.0 Dodging
 - Level 3.0 Stealth
 - Level 5.0 Shields
 - Level 1.0 Unarmed Combat


You had 7 spell levels left.
You didn't know any spells.
Your spell library contained the following spells:

 Spells                   Type           Power      Damage    Failure   Level
 Conjure Flame            Conj/Fire      0%         6-21      100%        3
 Ignite Poison            Fire/Tmut/Pois 0%         N/A       100%        3
 Sticky Flame             Conj/Fire      0%         2d3       100%        4
 Summon Forest            Summ/Tloc      0%         N/A       100%        5
 Summon Mana Viper        Hex/Summ       0%         N/A       100%        5
 Shadow Creatures         Summ           N/A        N/A       100%        6


Dungeon Overview and Level Annotations

Branches:
Dungeon (5/15)
 Temple: D:4-7

Altars:
Cheibriados
Qazlal
Sif Muna
Wu Jian
Xom


Innate Abilities, Weirdness & Mutations

Your serpentine skin is tough. (AC +2)
You have supernaturally acute eyesight. (SInv)
Armour fits poorly on your strangely shaped body.
Your system is resistant to poisons. (rPois)
You cover ground very slowly.
You can spit poison.
You have a snake-like lower body.


Message History

You block the wight's attack.
Unknown command.
You completely miss the wight.
The wight is almost destroyed.
The wight completely misses you.
Your shield and chain mail prevent you from hitting the wight.
The wight is almost destroyed.
The wight hits you with a +0 falchion of flaming.
You feel drained. The wight burns you.
Unknown command.
Your shield and chain mail prevent you from hitting the wight.
The wight is almost destroyed.
The wight barely misses you.
Unknown command.
Your chain mail prevents you from hitting the wight.
The wight is almost destroyed.
The wight hits you with a +0 falchion of flaming.
You feel drained. The wight burns you.
The wight hits you with a +0 falchion of flaming.
You feel drained. The wight burns you.
You barely miss the wight.
The wight is almost destroyed.
The wight hits you with a +0 falchion of flaming!
* * * LOW HITPOINT WARNING * * *
You feel drained. The wight burns you.
* * * LOW HITPOINT WARNING * * *
Unknown command.
Unknown command.
You closely miss the wight.
The wight is almost destroyed.
The wight hits you but does no damage.
Unknown command.
You completely miss the wight.
The wight is almost destroyed.
The wight hits you with a +0 falchion of flaming!
* * * LOW HITPOINT WARNING * * *
You feel drained.
* * * LOW HITPOINT WARNING * * *
The wight burns you.
You die...

### #... ###<##
.....
#....#####.....
#.....##.#....
###...###....#
#....###.....# .#
#.....#...###...#
#........@z.(..(#
#.......##........
#........###....#.#
##....>.>.. ......#
#..............^...
#............#...##
##...........##..#
##.#........# .##


You could see a wight.

Vanquished Creatures
  Grinder (D:3)
  2 scorpions
  3 wights
  A howler monkey (D:4)
  A hound (D:4)
  A jelly (D:5)
  An orc priest (D:3)
  Jessica (D:2)
  Natasha (thrice) (D:1 D:2)
  4 orc wizards
  3 hound skeletons (D:4)
  8 gnolls
  9 adders
  An ufetubus (D:4)
  A worm (D:4)
  7 dart slugs
  18 orcs
  7 ball pythons
  4 bats
  6 endoplasms
  2 giant cockroaches
  13 goblins
  5 hobgoblins
  3 jackals (D:3)
  10 kobolds
  A quokka (D:1)
  4 frilled lizards
  8 rats
128 creatures vanquished.

Vanquished Creatures (others)
  2 plants (D:2)
2 creatures vanquished.

Grand Total: 130 creatures vanquished

Notes
Turn   | Place    | Note
-------+----------+-------------------------------------------
     0 | D:1      | MajorAdolf the Naga Wanderer began the quest for the Orb.
     0 | D:1      | MajorAdolf set off with the following items: a +0 hand
                  | crossbow, a scroll of teleportation, 2 scrolls of fear, 27
                  | bolts, a +0 robe, a +0 dagger
     0 | D:1      | Reached XP level 1. HP: 22/22 MP: 1/1
   222 | D:1      | Reached XP level 2. HP: 25/30 MP: 2/2
   361 | D:1      | Reached skill level 2 in Crossbows
   877 | D:1      | Found a faded altar of an unknown god.
  1042 | D:1      | Reached XP level 3. HP: 30/36 MP: 3/3
  1373 | D:2      | Noticed Jessica
  1379 | D:2      | Killed Jessica
  1380 | D:2      | Reached skill level 3 in Crossbows
  1624 | D:2      | Reached XP level 4. HP: 43/44 MP: 4/4
  1834 | D:2      | Noticed Natasha
  1847 | D:1      | Killed Natasha
  1967 | D:1      | Noticed Natasha
  2315 | D:2      | Killed Natasha
  2316 | D:2      | Reached skill level 4 in Crossbows
  2316 | D:2      | Reached skill level 1 in Shields
  2316 | D:2      | Reached XP level 5. HP: 29/50 MP: 5/5
  3537 | D:2      | Noticed Natasha
  3544 | D:2      | Killed Natasha
  4751 | D:3      | Noticed Grinder
  5317 | D:2      | Reached XP level 6. HP: 5/57 MP: 6/6
  5962 | D:3      | Killed Grinder
  5963 | D:3      | Reached XP level 7. HP: 43/64 MP: 7/7
  6246 | D:3      | Found a stormy altar of Qazlal.
  6250 | D:3      | Found a snail-covered altar of Cheibriados.
  6253 | D:3      | Found a shimmering altar of Xom.
  6256 | D:3      | Found an ornate altar of the Wu Jian Council.
  6954 | D:3      | Found a shimmering blue altar of Sif Muna.
  7154 | D:3      | You fall into a shaft and drop 1 floor!
  7763 | D:3      | Reached skill level 5 in Shields
  9620 | D:3      | Reached skill level 5 in Crossbows
  9693 | D:4      | Found an ornate altar of the Wu Jian Council.
 10323 | D:4      | Reached XP level 8. HP: 64/72 MP: 8/8
 10835 | D:4      | Reached skill level 6 in Crossbows
 11049 | D:5      | Entered Level 5 of the Dungeon
 11498 | D:5      | HP: 2/58 [wight (3)]
 11498 | D:5      | Slain by a wight

Illustrated notes

Levels and vault maps discovered:
D:1:      noname_arrival_rooms_in_the_neighbourhood, layout_basic,
          ebering_ecumenical_altar_box, serial_corexii_hall,
          chequers_hall_statues_y, chequers_hall_statues_y,
          corexii_hall_statues_x, corexii_hall_statues_s
D:2:      layout_loops_ring, serial_forest, infiniplex_forest_straight_5,
          infiniplex_forest_clump_tiny, infiniplex_forest_lined_2,
          infiniplex_forest_straight_2, infiniplex_forest_clump_medium,
          infiniplex_forest_lined_room_2, infiniplex_forest_clump_long,
          infiniplex_forest_clump_curved, st_stairs_1, uniq_natasha,
          uniq_jessica
D:3:      layout_basic, tgw_sif, grunt_temple_overflow_cloverleaf, uniq_grinder
D:4:      layout_loops_cross, minmay_misc_feat_square, minmay_ruined_shrine
D:5:      layout_cave_pools, nicolae_vehumet_altar_sigil

Skill      XL: |  1  2  3  4  5  6  7  8 |
---------------+-------------------------+-----
Crossbows      | 2 3 4 5 6 |  6.7
Shields        | 1 3 4 5 |  5.0
Fighting       | |  4.0
Armour         | |  1.0
Dodging        | |  1.0
Stealth        | |  3.0
Unarmed Combat | |  1.0

Action                   |  1- 3 |  4- 6 |  7- 9 || total
-------------------------+-------+-------+-------++-------
Melee: Dagger            |    99 |   206 |   376 ||   681
 Fire: Hand crossbow     |     7 |    26 |    81 ||   114
 Abil: Spit Poison       |    12 |    24 |    33 ||    69
  Use: Scroll            |     1 |     1 |     1 ||     3
Armor: Chain mail        |    76 |   117 |   160 ||   353
Dodge: Dodged            |     3 |    17 |    46 ||    66
Block: Kite shield       |    35 |    93 |   188 ||   316
